 Dungeon Crawl Stone Soup version 0.30-a0-125-g51eefa89be (webtiles) character file.

Game seed: 11982618219602816418

2478 sanka the Grappler (level 9, -2/73 (75) HPs)
             Began as a Naga Transmuter on Sept 18, 2022.
             Was an Initiate of Gozag.
             Shot with an arrow by a centaur (7 damage)
             ... on level 7 of the Dungeon.
             The game lasted 00:11:33 (10283 turns).

sanka the Grappler (Naga Transmuter)               Turns: 10283, Time: 00:11:33

HP:   -2/73 (75)    AC:  2    Str: 14    XL:     9   Next: 51%
MP:   11/14         EV: 18    Int: 17    God:    Gozag
Gold: 593           SH:  0    Dex: 16    Spells: 3/14 levels left

rFire   . . .      SeeInvis +      - Unarmed
rCold   . . .      Faith    .    (shield currently unavailable)
rNeg    + . .      Spirit   .    (body armour currently unavailable)
rPois   x          Reflect  .    (helmet currently unavailable)
rElec   .          Harm     .    (cloak currently unavailable)
rCorr   .          Rampage  .    (gloves currently unavailable)
Will    +....                    (no barding)
Stlth   +.........               (no amulet)
HPRegen 0.22/turn                (no ring)
MPRegen 0.14/turn                s - ring of positive energy

@: spider-form (expiring), wereblooded, gold aura, lightly drained
A: venomous fangs, AC +3, tiny, see invisible, (deformed body), (poison
resistance), (slowness 2), spit poison 1, (naga tail 1)
a: Spit Poison, End Transformation, Renounce Religion, Potion Petition, Call
Merchant, Bribe Branch


You were on level 7 of the Dungeon.
You worshipped Gozag.
Gozag was pleased with you.
You were a venomous arachnid creature.
You visited 2 branches of the dungeon, and saw 8 of its levels.

You collected 683 gold pieces.
You paid 90 gold pieces to Gozag.


Innate Abilities, Weirdness & Mutations

You are a venomous arachnid creature.
You have poisonous fangs.
You are tiny and dextrous.
Your spellcasting is less reliable in this form.
Your armour is entirely melded.
You are incapable of wielding weapons or throwing items.
((Your serpentine skin is tough. (AC +3)))
You have supernaturally acute eyesight. (SInv)
((Armour fits poorly on your strangely shaped body.))
((Your system is resistant to poisons. (rPois)))
((You cover ground very slowly.))
You can spit poison.
((You have a snake-like lower body.))


   Skills:
 + Level 3.1 Fighting
 - Level 1.5 Dodging
 - Level 10.0 Unarmed Combat
 + Level 3.4 Spellcasting
 + Level 6.7 Transmutations
 - Level 3.0 Poison Magic


You had 3 spell levels left.
You knew the following spells:

 Your Spells              Type           Power      Damage    Failure   Level
c - Blade Hands           Tmut           13%        N/A       50%         5
x - Spider Form           Tmut/Pois      19%        N/A       19%         3
y - Wereblood             Tmut           26%        N/A       7%          2
z - Beastly Appendage     Tmut           52%        N/A       5%          1

Your spell library contained the following spells:

 Spells                   Type           Power      Damage    Failure   Level
 Scorch                   Fire           4%         2d5       47%         2
 Dazzling Flash           Conj/Hex       4%         N/A       67%         3
 Gell's Gravitas          Tloc           2%         N/A       67%         3
 Portal Projectile        Hex/Tloc       4%         N/A       67%         3
 Teleport Other           Tloc           2%         N/A       67%         3
 Tukima's Dance           Hex            2%         N/A       67%         3
 Ice Form                 Ice/Tmut       14%        N/A       61%         4
 Flame Wave               Conj/Fire      2%         2d4       95%         4
 Agony                    Necr           2%         N/A       100%        5
 Silence                  Hex/Air        1%         N/A       100%        5
 Dispersal                Tloc           1%         N/A       100%        6
 Summon Cactus Giant      Summ           1%         N/A       100%        6

Inventory:

Missiles
 a - 7 curare-tipped darts {=f}
 r - 5 javelins
Armour
 y - a +2 robe of fire resistance (melded)
Jewellery
 s - a ring of positive energy (right front leg)
Wands
 x - a wand of light (21)
 A - a wand of roots (10)
Scrolls
 d - 4 scrolls of teleportation {unknown}
 e - 3 scrolls of noise {unknown}
 h - a scroll of butterflies {unknown}
 i - 3 scrolls of amnesia {unknown}
 j - a scroll of fear {unknown}
 k - 6 scrolls of identify {unknown}
 l - a scroll of torment {unknown}
 p - 3 scrolls of immolation {unknown}
 u - a scroll of enchant armour {unknown}
 v - 2 scrolls of poison {unknown}
 w - a scroll of vulnerability {unknown}
 z - a scroll of enchant weapon {unknown}
Potions
 b - a potion of lignification {!q}
 c - a potion of invisibility {unknown}
 f - 3 potions of brilliance {unknown}
 g - 3 potions of heal wounds {unknown}
 m - 4 potions of curing {@q1}
 n - 3 potions of mutation {unknown}
 o - a potion of haste {unknown}
 q - 2 potions of ambrosia {unknown}
 t - a potion of flight {unknown}

Dungeon Overview and Level Annotations

Branches:
Dungeon (7/15)             Temple (1/1) D:5

Altars:
Ashenzari
Cheibriados
Dithmenos
Fedhas
Gozag
Hepliaklqana
Makhleb
Nemelex Xobeh
Okawaru
Qazlal
Sif Muna
Trog
Vehumet
Wu Jian
Xom
Yredelemnul
Zin
The Shining One

▒▒.▒▒▒ ... ...▒.▒▒ ...
▒▒.▒..▒▒ ... ▒.)...▒▒ ...
▒.▒....▒▒▒▒'▒▒▒▒▒ ..▒
▒▒.▒.....▒.....▒.▒▒ ▒..▒
▒▒.▒▒....▒..[.c▒..▒▒ ▒..▒
...▒ ▒...+.).[?£[..▒▒▒..▒
.▒.▒▒▒▒..▒..£..▒s...▒▒..▒
.▒.▒.▒▒▒.▒.....▒.....▒..▒
...▒..▒▒▒▒▒▒+▒▒▒▒..£.▒..▒
▒..+...▒▒ ▒▒...'..▒
▒▒.▒....▒▒ ▒▒.£▒..▒
▒▒.▒.....▒▒ ▒▒.▒..▒
.▒.▒▒.....▒▒ ▒▒▒..▒
...▒▒▒.)...▒ ▒▒..▒
...▒▒▒▒▒'▒▒▒▒▒▒▒+▒▒▒▒...▒


You could see a centaur.


Message History

The arrow hits you!
* * * LOW HITPOINT WARNING * * *
The bullfrog gives a loud, deep croak!
You see here 6 gold pieces.
Found 16 gold pieces.
Your transformation is almost over.
The bullfrog is no longer distracted by gold.
The centaur shoots an arrow.
The arrow hits you.
* * * LOW HITPOINT WARNING * * *
There is an open door here.
The centaur shoots an arrow.
The arrow closely misses you.
You see here 6 gold pieces.
Your blood is infused with primal strength.
The bullfrog hits you!
* * * LOW HITPOINT WARNING * * *
The bullfrog hits you.
* * * LOW HITPOINT WARNING * * *
You bite the bullfrog!
The bullfrog is poisoned.
The bullfrog is heavily wounded.
The bullfrog hits you.
* * * LOW HITPOINT WARNING * * *
You bite the bullfrog!
You kill the bullfrog!
The centaur shoots an arrow.
The arrow hits you!
You die...
Your body crumbles into a pile of gold.

Action                   |  1- 3 |  4- 6 |  7- 9 || total
-------------------------+-------+-------+-------++-------
Melee: Unarmed           |   101 |   142 |   205 ||   448
       Headbutt          |     6 |       |       ||     6
       Punch             |     2 |     2 |       ||     4
 Cast: Beastly Appendage |     4 |     1 |       ||     5
       Spider Form       |     2 |    18 |    32 ||    52
       Wereblood         |       |     2 |     5 ||     7
 Abil: Spit Poison       |    28 |     9 |       ||    37
  Use: Potion            |       |       |     1 ||     1
 Stab: Distracted        |     1 |       |       ||     1
       Sleeping          |       |       |     1 ||     1
Armor: Robe              |    21 |    26 |    22 ||    69
       Skin              |       |    12 |     7 ||    19
Dodge: Dodged            |    63 |    97 |   146 ||   306

Levels and vault maps discovered:
D:1:      minmay_arrival_three_doors, layout_loops_ring
D:2:      layout_basic, chequers_serial_rivers_marsh, kennysheep_another_room
D:3:      layout_basic, shapermc_ecumenical_altar_mp_urbaneastern,
          kennysheep_crisscross, mrwooster_statue_mirror
D:4:      layout_cave_pools, lightli_temple_of_fire, chei_slow_surprise,
          sigmund_edmund_badplayer, uniq_eustachio
D:5:      layout_cave_pools, marbit_many_paths, minmay_temple_entry_sparse_star,
          eino_tiny_chamber, st_stairs_4
D:6:      layout_loops_corners, grunt_ministairs_8
D:7:      layout_rooms, minmay_quadrilaterals, uniq_duvessa
Temple:   nicolae_temple_bog_church

Notes
Turn   | Place    | Note
-------+----------+-------------------------------------------
     0 | D:1      | sanka the Naga Transmuter began the quest for the Orb.
     0 | D:1      | Reached XP level 1. HP: 18/18 MP: 3/3
   178 | D:1      | Reached skill level 1 in Poison Magic
   221 | D:1      | Reached XP level 2. HP: 25/25 MP: 5/5
   237 | D:1      | Learned a level 2 spell: Wereblood
   520 | D:1      | Reached skill level 2 in Poison Magic
   749 | D:1      | Reached XP level 3. HP: 25/31 MP: 6/6
   832 | D:1      | Reached skill level 3 in Transmutations
  1019 | D:1      | Learned a level 3 spell: Spider Form
  1696 | D:2      | Reached XP level 4. HP: 29/38 MP: 1/7
  2438 | D:2      | Reached skill level 4 in Transmutations
  2692 | D:3      | HP: 2/38 [kobold/+0 short sword (4)]
  3564 | D:3      | Found a faded altar of an unknown god.
  4174 | D:4      | Reached XP level 5. HP: 44/44 MP: 4/8
  4266 | D:4      | Reached skill level 3 in Poison Magic
  4272 | D:4      | Reached skill level 5 in Transmutations
  4555 | D:4      | Noticed Eustachio
  4566 | D:4      | Killed Eustachio
  4567 | D:4      | Reached skill level 6 in Transmutations
  4567 | D:4      | Reached XP level 6. HP: 42/51 MP: 6/9
  4571 | D:4      | Identified +0 pearl dragon scales
  4859 | D:4      | Reached skill level 4 in Unarmed Combat
  5010 | D:4      | Found a burning altar of Makhleb.
  5073 | D:4      | Found a snail-covered altar of Cheibriados.
  5127 | D:4      | Noticed Sigmund
  5137 | D:4      | Killed Sigmund
  5138 | D:4      | Reached skill level 5 in Unarmed Combat
  5138 | D:4      | Reached XP level 7. HP: 44/57 MP: 7/10
  5316 | D:4      | Noticed Edmund
  5325 | D:4      | Killed Edmund
  5610 | D:5      | Entered Level 5 of the Dungeon
  5624 | D:5      | Reached skill level 6 in Unarmed Combat
  5851 | D:5      | Found a glowing silver altar of Zin.
  6295 | D:5      | Reached XP level 8. HP: 49/64 MP: 2/11
  6450 | D:5      | Noticed a wraith
  6465 | D:5      | Killed a wraith
  6466 | D:5      | Reached skill level 7 in Unarmed Combat
  6482 | D:5      | Found a staircase to the Ecumenical Temple.
  6559 | Temple   | Entered the Ecumenical Temple
  6786 | Temple   | Became a worshipper of Gozag Ym Sagoz the Greedy
  7060 | D:6      | Reached skill level 8 in Unarmed Combat
  7426 | D:6      | HP: 6/64 [gnoll/+0 spear[a gnoll bouda] (6)]
  7734 | D:6      | Reached skill level 9 in Unarmed Combat
  8215 | D:7      | Noticed Duvessa
  8215 | D:7      | Noticed Dowan
  8225 | D:7      | Killed Duvessa
  8232 | D:7      | Killed Dowan
  8430 | D:6      | Reached XP level 9. HP: 50/70 MP: 8/12
  8585 | D:6      | Learned a level 5 spell: Blade Hands
  8808 | D:6      | Reached skill level 10 in Unarmed Combat
  9443 | D:6      | Reached skill level 2 in Fighting
 10078 | D:7      | Reached skill level 3 in Spellcasting
 10244 | D:7      | Reached skill level 3 in Fighting
 10282 | D:7      | HP: 3/73 [bullfrog (5)]
 10283 | D:7      | Shot with an arrow by a centaur

Vanquished Creatures
  Sigmund (D:4)
  Eustachio (D:4)
  A wraith (D:5)
  A steam dragon (D:6)
  Edmund (D:4)
  Duvessa (D:7)
  An ice beast (D:5)
  A black bear (D:6)
  3 centaurs
  An ogre (D:6)
  A kobold brigand (D:6)
  4 bullfrogs
  A necrophage (D:7)
  4 scorpions
  A wight (D:7)
  Dowan (D:7)
  3 hounds
  An orc priest (D:5)
  A gnoll bouda (D:6)
  4 iguanas
  2 orc wizards (D:5)
  4 gnolls (D:6)
  3 adders
  A shadow imp (D:5)
  4 white imps
  An ufetubus (D:5)
  A dart slug (D:2)
  18 orcs
  10 endoplasms
  8 goblins
  6 hobgoblins
  8 jackals (D:2)
  3 quokkas
  6 ball pythons
  10 bats
  A frilled lizard (D:1)
  16 kobolds
  5 rats
140 creatures vanquished.

Vanquished Creatures (others)
  A gnoll (D:6)
  2 fungi (D:3)
  3 plants (D:3)
6 creatures vanquished.

Grand Total: 146 creatures vanquished
